 Dungeon Crawl Stone Soup version 0.26.0-10-g1f06aea511 (webtiles) character file.

Game seed: 9673346003412701749

2794 Borgoz the Ducker (level 9, -6/75 HPs)
             Began as a Ghoul Gladiator on Jan 13, 2021.
             Was a Follower of Ashenzari.
             Shot with a sling bullet by Joseph (12 damage)
             ... on level 8 of the Dungeon.
             The game lasted 00:16:26 (9899 turns).

Borgoz the Ducker (Ghoul Gladiator)                 Turns: 9899, Time: 00:16:27

Health: -6/75      AC:  8    Str: 18    XL:     9   Next: 71%
Magic:  8/8        EV: 15    Int:  3    God:    Ashenzari [*.....]
Gold:   513        SH:  0    Dex: 13    Spells: 5/8 levels left

rFire    . . .     SeeInvis .   a - +1 long sword
rCold    + . .     Faith    .   (no shield)
rNeg     + + +     Spirit   .   b - +0 leather armour
rPois    ∞         Reflect  .   c - +0 helmet
rElec    .         Harm     .   k - +1 cloak
rCorr    .         Rampage  .   p - +0 pair of gloves
Will     .....                  (no boots)
Stlth    +.........             (no amulet)
HPRegen  0.00/turn              (no ring)
MPRegen  0.11/turn              (no ring)

@: hasted, very quick
A: claws 1, cold resistance 1, negative energy resistance 3, inhibited
regeneration, torment resistance, unbreathing
a: Renounce Religion, Curse Item, Scrying


You were on level 8 of the Dungeon.
You worshipped Ashenzari.
Ashenzari was aware of your devotion.
You visited 2 branches of the dungeon, and saw 9 of its levels.

You collected 513 gold pieces.

Inventory:

Hand Weapons
 a - a +1 long sword (weapon)
Armour
 b - a +0 leather armour (worn)
 c - a +0 helmet (worn)
 f - the +1 leather armour of Truth {rElec Str-5 Int+2 Dex+4}
   (You found it on level 6 of the Dungeon)

   It affects your strength (-5).
   It affects your intelligence (+2).
   It affects your dexterity (+4).
   It insulates you from electricity.
 k - a +1 cloak (worn)
 p - a +0 pair of gloves (worn)
Wands
 d - a wand of paralysis (7)
 q - a wand of digging (5)
 r - a wand of disintegration (18)
Scrolls
 e - a scroll of fear
 h - 2 scrolls of remove curse
 i - 2 scrolls of enchant armour
 o - 5 scrolls of teleportation
 s - a scroll of blinking
Potions
 g - a potion of haste
 j - a potion of magic
 l - a potion of flight
 m - a potion of cancellation
 n - 2 potions of resistance


   Skills:
 + Level 5.7 Fighting
 * Level 6.9 Long Blades
 - Level 1.7 Throwing
 * Level 6.2 Armour
 * Level 7.0 Dodging


You had 5 spell levels left.
You knew the following spells:

 Your Spells              Type           Power        Failure   Level
a - Vampiric Draining     Necr           0%           91%         3

Your spell library contained the following spells:

 Spells                   Type           Power        Failure   Level
 Animate Skeleton         Necr           0%           56%         1
 Pain                     Necr           0%           56%         1
 Poisonous Vapours        Pois/Air       0%           71%         2
 Conjure Flame            Conj/Fire      0%           91%         3
 Mephitic Cloud           Conj/Pois/Air  0%           91%         3
 Animate Dead             Necr           0%           100%        4
 Agony                    Necr           0%           100%        5
 Freezing Cloud           Conj/Ice/Air   0%           100%        6


Dungeon Overview and Level Annotations

Branches:
Dungeon (8/15)             Temple (1/1) D:7
   Lair: D:8-11

Altars:
Ashenzari
Cheibriados
Elyvilon
Fedhas
Gozag
Hepliaklqana
Kikubaaqudgha
Makhleb
Qazlal
Ru
Sif Muna
Trog
Uskayaw
Yredelemnul
The Shining One

Shops:
D:4 (   D:5 [   D:6 }

Annotations:
D:7 exclusion: oklob plant
D:8 Joseph


Innate Abilities, Weirdness & Mutations

You thrive by killing the living.
You are immune to poison.
You have sharp fingernails.
Your flesh is cold resistant. (rC+)
You are immune to negative energy. (rN+++)
You do not regenerate when monsters are visible.
You are immune to unholy pain and torment.
You can survive without breathing.


Message History

Joseph barely misses you.
You hit Joseph but do no damage.
Joseph is lightly wounded.
Joseph hits you with a +2 quarterstaff of speed.
* * * LOW HITPOINT WARNING * * *
You hit Joseph.
Joseph is moderately wounded.
Joseph hits you with a +2 quarterstaff of speed.
* * * LOW HITPOINT WARNING * * *
You barely miss Joseph.
Joseph is moderately wounded.
Joseph hits you with a +2 quarterstaff of speed!
* * * LOW HITPOINT WARNING * * *
Okay, then.
You see here a sling bullet.
Joseph unwields a +2 quarterstaff of speed.
Joseph wields a +5 hunting sling of freezing.
It is covered in frost.
Joseph shoots a sling bullet.
The sling bullet hits you!
You die...

### #####.##
.......##
####.....########.
..........<.......
##.....#########
##...##
##.########
#..@(.@..#
#........#
##.....?.#
#..........
#.......###
........#
##.......#
####.....


You could see Joseph.

Vanquished Creatures
  Pikel (D:6)
  Prince Ribbit (D:5)
  2 orc warriors
  A phantom (D:4)
  2 sky beasts (D:5)
  2 ogres (D:5)
  A centaur (D:7)
  A big kobold (D:3)
  2 lemures (D:6)
  Blork the orc (D:5)
  5 scorpions
  4 wights (Temple)
  2 centaur zombies
  5 jellies
  A hound (D:6)
  5 orc priests
  Crazy Yiuf (D:3)
  Terence (D:2)
  2 iguanas
  2 orc wizards
  5 worker ants
  Robin (D:2)
  5 adders
  2 white imps
  An ufetubus (D:6)
  5 oozes
  An adder skeleton (D:5)
  2 worms
  A dart slug (D:2)
  9 leopard geckos
  18 orcs
  5 bats
  7 giant cockroaches
  9 goblins
  8 hobgoblins
  18 jackals
  4 quokkas
  2 ball pythons (D:5)
  8 frilled lizards
  2 kobolds
  A quokka zombie (D:6)
  8 rats
164 creatures vanquished.

Vanquished Creatures (others)
  4 fungi (D:7)
4 creatures vanquished.

Grand Total: 168 creatures vanquished

Notes
Turn   | Place    | Note
-------+----------+-------------------------------------------
     0 | D:1      | Borgoz the Ghoul Gladiator began the quest for the Orb.
     0 | D:1      | Reached XP level 1. HP: 17/17 MP: 0/0
   170 | D:1      | Reached XP level 2. HP: 24/24 MP: 1/1
   364 | D:1      | Reached skill level 3 in Dodging
   649 | D:2      | Reached skill level 1 in Armour
   649 | D:2      | Reached XP level 3. HP: 28/30 MP: 2/2
   842 | D:2      | Noticed Terence
   863 | D:2      | Killed Terence
   864 | D:2      | Reached XP level 4. HP: 15/37 MP: 3/3
  1380 | D:2      | Noticed Robin
  1398 | D:2      | Killed Robin
  2234 | D:3      | Found a runed translucent door.
  2235 | D:3      | Noticed Crazy Yiuf
  2260 | D:3      | Found a hazy altar of Hepliaklqana.
  2263 | D:3      | Reached XP level 5. HP: 44/44 MP: 4/4
  2265 | D:3      | You fall into a shaft and drop 3 floors!
  2266 | D:6      | Noticed an orc warrior
  2298 | D:7      | Found a staircase to the Ecumenical Temple.
  2318 | Temple   | Entered the Ecumenical Temple
  2507 | Temple   | Became a worshipper of Ashenzari the Shackled
  2742 | D:6      | Got the uncursed leather armour of Truth {rElec Str-5 Int+2
                  | Dex+4}
  2774 | D:7      | HP: 2/45 [orc warrior/+0 hand axe (15)]
  2776 | D:7      | Killed an orc warrior
  2777 | D:7      | Reached skill level 4 in Dodging
  2777 | D:7      | Reached XP level 6. HP: 21/51 MP: 5/5
  3329 | D:7      | Reached XP level 7. HP: 41/57 MP: 6/6
  4433 | D:6      | Found Zugaguj's Gadget Emporium.
  4444 | D:5      | Entered Level 5 of the Dungeon
  4819 | D:5      | Noticed Pikel
  5017 | D:5      | Noticed Prince Ribbit
  5045 | D:6      | Killed Pikel
  5046 | D:6      | Reached skill level 5 in Long Blades
  5046 | D:6      | Reached skill level 5 in Dodging
  5046 | D:6      | Reached XP level 8. HP: 4/67 MP: 7/7
  5964 | D:5      | Killed Prince Ribbit
  5965 | D:5      | Reached skill level 5 in Armour
  5986 | D:5      | Found Gocragopp's Antique Armour Boutique.
  6131 | D:5      | Noticed Blork the orc
  6147 | D:5      | Killed Blork the orc
  6148 | D:5      | Reached skill level 5 in Fighting
  6148 | D:5      | Reached skill level 6 in Dodging
  6160 | D:5      | Identified the +1 leather armour of Truth {rElec Str-5
                  | Int+2 Dex+4} (You found it on level 6 of the Dungeon)
  6224 | D:5      | Reached XP level 9. HP: 62/74 MP: 8/8
  6675 | D:4      | Found Ipleur's Antique Weapon Boutique.
  6725 | D:4      | Found a blossoming altar of Fedhas.
  6964 | D:4      | Found a glowing golden altar of the Shining One.
  7173 | D:3      | Reached * piety under Ashenzari
  7508 | D:3      | Found a basalt altar of Yredelemnul.
  7682 | D:3      | Killed Crazy Yiuf
  8900 | D:6      | Found a stormy altar of Qazlal.
  9420 | D:7      | Noticed an oklob plant
  9823 | D:7      | Learned a level 3 spell: Vampiric Draining
  9825 | D:7      | Reached skill level 7 in Dodging
  9883 | D:8      | Noticed Joseph
  9899 | D:8      | Shot with a sling bullet by Joseph

Illustrated notes

Levels and vault maps discovered:
D:1:      dpeg_arrival_arbitrary_b, layout_basic, hex_large
D:2:      layout_basic, uniq_terence, uniq_robin
D:3:      layout_loops_ring, yredelemnul_altar_generic,
          nicolae_overflow_crystal_walls, grunt_ministairs_3,
          minmay_box_of_dots, uniq_crazy_yiuf_cottage
D:4:      layout_basic, tso_oasis_becter, kennysheep_mini, serial_shops, shop,
          chequers_serial_rivers_small_3
D:5:      layout_cave_pools, serial_park, serial_park_tiny_2, serial_shops,
          shop, minmay_strange_pillars, uniq_pikel, uniq_blork_the_orc,
          uniq_prince_ribbit1
D:6:      minmay_chambers_of_fours, layout_basic, marbit_many_paths,
          serial_shops, shop_fountains, hangedman_decor_points,
          nrook_loot_triangle
D:7:      lemuel_slime, layout_loops_ring, minmay_temple_entry_proselytizer
D:8:      layout_loops_ring, nemelex_xobeh_ov_fountains_minmay,
          gammafunk_temple_overflow_wave, lair_entry_dummy, enter_bailey_2,
          uniq_gastronok, uniq_joseph
Temple:   zaba_magenta_temple

Skill      XL: |  1  2  3  4  5  6  7  8  9 |
---------------+----------------------------+-----
Long Blades    | 3 4 5 6 |  6.9
Dodging        | 3 4 5 6 7 |  7.0
Armour         | 1 2 3 4 5 6 |  6.2
Fighting       | 3 4 5 |  5.7
Throwing       | |  1.7

Action                   |  1- 3 |  4- 6 |  7- 9 || total
-------------------------+-------+-------+-------++-------
Melee: Long sword        |    52 |   153 |   468 ||   673
Throw: Throwing net      |     1 |     5 |     4 ||    10
Evoke: Wand              |       |       |     3 ||     3
  Use: Scroll            |     3 |     2 |    13 ||    18
       Potion            |     1 |     3 |     9 ||    13
 Stab: Held in net/web   |     1 |     1 |     4 ||     6
       Paralysed         |       |       |     6 ||     6
Armor: Leather armour    |    22 |    36 |   107 ||   165
Dodge: Dodged            |    50 |   108 |   358 ||   516
       Rpst.: Long sword |    15 |    40 |   107 ||   162
